 Dungeon Sprint DCSS version bcrawl-1.12-5-g74a5124548 (webtiles) character file.

Game seed: 37671062057794204

3001 Goodini51 the Grappler (level 9, -3/101 HPs)
             Began as a Troll Monk on May 31, 2019.
             Was a High Priest of Wu Jian.
             Slain by an unseen horror (8 damage)
             ... in the Dungeon (Sprint I: "Red Sonja").
             The game lasted 00:04:06 (662 turns).

Goodini51 the Grappler (Troll Monk)                  Turns: 662, Time: 00:04:06

Health: -3/101     AC: -4    Str: 24    XL:     9   Next: 54%
Magic:  0/9        EV: 14    Int:  7    God:    Wu Jian [*****.]
Gold:   270        SH:  0    Dex: 12    Spells: 8/8 levels left

rFire    . . .     SeeInvis .     - Unarmed
rCold    . . .     Gourm    +   (no shield)
rNeg     . . .     Faith    .   (armour unavailable)
rPois    .         Spirit   +   a - +0 hat
rElec    .         Reflect  .   l - scarf {repulsion}
rCorr    .         Harm     .   (gloves unavailable)
MR       .....     NoTele   +   (boots unavailable)
Stlth    ++........             b - amulet of guardian spirit
HPRegen  0.66/turn              (no ring)
MPRegen  0.11/turn              (no ring)

@: corroded, repel missiles
A: large, almost no armour, unfitting armour, claws 3, fast metabolism 3,
gourmand, regeneration 1, AC +8
a: Wall Jump, Serpent's Lash, Heavenly Storm, Renounce Religion


You were in the Dungeon.
You worshipped Wu Jian.
Wu Jian was extremely pleased with you.
You were very full.

You visited 1 branch You collected 552 gold pieces.
You spent 282 gold pieces at shops.

Inventory:

Armour
 a - a +0 hat (worn)
 k - a +1 cloak
 l - a scarf of repulsion (worn)
Jewellery
 b - an amulet of guardian spirit (around neck)
Wands
 j - a wand of polymorph (8)
Scrolls
 i - a scroll of blinking
Potions
 d - a potion of curing
 e - a potion of heal wounds
 f - a potion of haste
 g - 2 potions of magic
 h - a potion of berserk rage
Comestibles
 c - 2 rations {!d}


   Skills:
 * Level 10.2 Fighting
 + Level 8.9 Dodging
 + Level 3.9 Stealth
 * Level 14.7 Unarmed Combat
   Level 2.0 Invocations


You had 8 spell levels left.
You didn't know any spells.
Your spell library was empty.

Dungeon Overview and Level Annotations

Branches:
Dungeon (1/1)

Altars:
Cheibriados
Dithmenos
Elyvilon
Fedhas
Gozag
Hepliaklqana
Kikubaaqudgha
Nemelex Xobeh
Okawaru
Qazlal
Ru
Sif Muna
Trog
Uskayaw
Vehumet
Wu Jian
Yredelemnul
Zin
The Shining One

Shops:
D [


Innate Abilities, Weirdness & Mutations

You cannot wear most types of armour.
Your thick skin is tough. (AC +8)
You are too large for most types of armour.
You have claws for hands.
Your metabolism is lightning-fast.
You like to eat raw meat.
Your natural rate of healing is unusually fast.


Message History

You destroy the necrophage!
The Council accepts your kill. Something hits you!
Deactivating autopickup; reactivate with Ctrl-A.
The jelly barely misses you.
You are too injured to fight recklessly!
You are too injured to fight recklessly!
Something hits you!
Something hits you. x2; Something hits you!
* * * LOW HITPOINT WARNING * * *
Something hits you!
* * * LOW HITPOINT WARNING * * *
Something hits you!
* * * LOW HITPOINT WARNING * * *
Something hits you!
* * * LOW HITPOINT WARNING * * *
Something hits you!
* * * LOW HITPOINT WARNING * * *
Something hits you!
You die...

_###+# #§'.# ##
###.# #†# ####
#§# #... #.#
#... +§#
#'''######§#
#....nn{{#§#
#...n§§§#@§#
([%......J§####
n).......≈§#
.......≈≈≈##
##..≈≈≈≈###
+######+


There were no monsters in sight!

Vanquished Creatures
  2 centaur warriors (D)
  An oklob plant (D)
  A hornet (D)
  Sigmund (D)
  2 redbacks (D)
  A yak (D)
  A floating eye (D)
  A necrophage (D)
  An ogre (D)
  7 jellies (D)
  Ijyb (D)
19 creatures vanquished.

Vanquished Creatures (others)
  A gargoyle (D)
1 creature vanquished.

Grand Total: 20 creatures vanquished

Notes
Turn   | Place    | Note
-------+----------+-------------------------------------------
     0 | D        | Goodini51 the Troll Monk began the quest for the Orb.
     0 | D        | Reached XP level 1. HP: 22/22 MP: 1/1
     1 | D        | Noticed Ijyb
     7 | D        | Killed Ijyb
     7 | D        | Reached skill level 4 in Unarmed Combat
     7 | D        | Reached XP level 2. HP: 28/31 MP: 2/2
   121 | D        | Noticed an ogre
   125 | D        | Killed an ogre
   125 | D        | Reached skill level 6 in Unarmed Combat
   125 | D        | Reached XP level 3. HP: 11/40 MP: 0/3
   125 | D        | Gained mutation: Your natural rate of healing is unusually
                  | fast. [Troll growth]
   125 | D        | Reached XP level 4. HP: 13/49 MP: 0/4
   192 | D        | Noticed Sigmund
   198 | D        | Killed Sigmund
   198 | D        | Reached skill level 8 in Unarmed Combat
   198 | D        | Reached XP level 5. HP: 32/59 MP: 2/5
   198 | D        | Reached XP level 6. HP: 37/67 MP: 2/6
   370 | D        | Found a deep blue altar of Sif Muna.
   371 | D        | Found an ornate altar of the Wu Jian Council.
   372 | D        | Found a radiant altar of Vehumet.
   379 | D        | Became a worshipper of the Wu Jian Council
   379 | D        | Reached * piety under Wu Jian
   379 | D        | Reached ** piety under Wu Jian
   395 | D        | Found Iclahu's Armour Emporium.
   395 | D        | Found an ancient bone altar of Kikubaaqudgha.
   395 | D        | Found a hazy altar of Hepliaklqana.
   395 | D        | Found a hide-covered altar of Uskayaw.
   395 | D        | Found a basalt altar of Yredelemnul.
   395 | D        | Found an opulent altar of Gozag.
   395 | D        | Found a snail-covered altar of Cheibriados.
   395 | D        | Found a sacrificial altar of Ru.
   395 | D        | Found a shadowy altar of Dithmenos.
   395 | D        | Noticed a yak
   396 | D        | Found a stormy altar of Qazlal.
   396 | D        | Found a blossoming altar of Fedhas.
   396 | D        | Found a bloodstained altar of Trog.
   396 | D        | Found an iron altar of Okawaru.
   396 | D        | Found a glowing golden altar of the Shining One.
   396 | D        | Found a glowing silver altar of Zin.
   396 | D        | Found a white marble altar of Elyvilon.
   400 | D        | Killed a yak
   400 | D        | Reached skill level 9 in Unarmed Combat
   401 | D        | Found a sparkling altar of Nemelex Xobeh.
   405 | D        | Bought a +1 cloak for 138 gold pieces
   405 | D        | Bought a scarf of repulsion for 144 gold pieces
   429 | D        | Noticed a centaur warrior
   430 | D        | Noticed a centaur warrior
   435 | D        | Killed a centaur warrior
   435 | D        | Reached skill level 11 in Unarmed Combat
   435 | D        | Reached XP level 7. HP: 66/81 MP: 5/7
   435 | D        | Reached XP level 8. HP: 73/89 MP: 5/8
   442 | D        | Killed a centaur warrior
   442 | D        | Reached skill level 12 in Unarmed Combat
   509 | D        | Noticed a hornet
   511 | D        | Killed a hornet
   511 | D        | Reached *** piety under Wu Jian
   511 | D        | Reached skill level 13 in Unarmed Combat
   522 | D        | Noticed an oklob plant
   526 | D        | Killed an oklob plant
   526 | D        | Reached XP level 9. HP: 74/101 MP: 6/9
   556 | D        | Reached skill level 14 in Unarmed Combat
   561 | D        | Reached skill level 10 in Fighting
   631 | D        | Killed a gargoyle
   638 | D        | Reached **** piety under Wu Jian
   652 | D        | Reached ***** piety under Wu Jian
   661 | D        | HP: 4/101 [something (6)]
   662 | D        | Slain by an unseen horror

Skill      XL: |  1  2  3  4  5  6  7  8  9 |
---------------+----------------------------+-----
Fighting       | 3 4 6 8 9 10 | 10.2
Dodging        | 3 4 6 7 8 |  8.9
Unarmed Combat | 4 6 8 11 13 14 | 14.7
Stealth        | 2 3 |  3.9
Invocations    | |  2.0

Action                   |  1- 3 |  4- 6 |  7- 9 || total
-------------------------+-------+-------+-------++-------
Melee: Unarmed           |     7 |    13 |    35 ||    55
       Punch             |       |       |     3 ||     3
Invok: Lunge             |       |     1 |     4 ||     5
 Stab: Sleeping          |       |     2 |     2 ||     4
  Eat: Chunk             |       |     1 |     7 ||     8
Armor: Skin              |     2 |       |     2 ||     4
Dodge: Dodged            |       |     4 |    20 ||    24
